 Dungeon Crawl Stone Soup version 0.30-b1-2-g02819fbbbe (webtiles) character file.

Game seed: 3951260635215931231

27 Stirner the Chopper (level 2, 0/27 HPs)
             Began as a Minotaur Berserker on Dec 13, 2023.
             Was a Follower of Trog.
             Slain by a scorpion (1 damage)
             ... on level 1 of the Dungeon.
             The game lasted 00:16:08 (1032 turns).

Stirner the Chopper (Minotaur Berserker)            Turns: 1032, Time: 00:16:12

Health: 0/27       AC:  8    Str: 21    XL:     2   Next: 93%
Magic:  1/1        EV:  8    Int:  4    God:    Trog [*.....]
Gold:   37         SH:  0    Dex:  9    Spells: 1/1 levels left

rFire   . . .        a - +0 hand axe
rCold   . . .        (no shield)
rNeg    . . .        c - +0 chain mail
rPois   .            (helmet restricted)
rElec   .            (no cloak)
rCorr   +            (no gloves)
SInv    .            (no boots)
Will    .....        (no amulet) Stlth
                     n - ring of resist corrosion
HPRegen 0.24/turn    (no ring)
MPRegen 0.07/turn

%: no passive effects
@: lethally poisoned (0 -> 0), on berserk cooldown, slowed, very slow
A: horns 2, retaliatory headbutt
a: Renounce Religion, Berserk


You were on level 1 of the Dungeon.
You worshipped Trog.
Trog was aware of your devotion.
You visited 1 branch of the dungeon, and saw 2 of its levels.

You collected 37 gold pieces.

Inventory:

Hand Weapons
 a - a +0 hand axe (weapon)
 m - a +0 sling
Missiles
 l - 13 stones (quivered)
Armour
 b - a +0 animal skin
 c - a +0 chain mail (worn)
 h - a +0 ring mail
Jewellery
 n - a ring of resist corrosion (left hand)
Scrolls
 e - a scroll of acquirement {unknown}
 i - a scroll of enchant armour {unknown}
 k - a scroll of teleportation {unknown}
Potions
 d - a potion of ambrosia {unknown}
 f - a potion of mutation {unknown}
 g - a potion of flight {unknown}
 j - a potion of might {unknown}


   Skills:
 - Level 3.8 Fighting
 + Level 4.8 Axes
 - Level 2.5 Armour
 - Level 2.2 Dodging


You had one spell level left.
You didn't know any spells.
Your spell library contained the following spells:

 Spells                   Type           Power      Damage    Failure   Level
 Ensorcelled Hibernation  Hex/Ice        0%         N/A       99%         2
 Passwall                 Tmut/Erth      0%         N/A       99%         2
 Swiftness                Air            0%         N/A       100%        3


Dungeon Overview and Level Annotations

Branches:
Dungeon (2/15)

Altars:
Makhleb


Innate Abilities, Weirdness & Mutations

You have a pair of horns on your head.
You reflexively headbutt those who attack you in melee.


Message History

The scorpion stings you.
You hit the scorpion but do no damage.
The scorpion is lightly wounded.
You feel sick.
You barely miss the scorpion.
The scorpion is lightly wounded.
You feel sick. The scorpion closely misses you.
You barely miss the scorpion.
The scorpion is lightly wounded.
You feel sick.
The scorpion stings you but does no damage.
Okay, then.
You closely miss the scorpion.
The scorpion is lightly wounded.
You feel sick.
A kobold comes into view. It is wielding a +0 dagger.
The scorpion stings you.
* * * LOW HITPOINT WARNING * * *
You feel sick.
The scorpion stings you but does no damage.
You climb upwards.
You feel a strong urge to attack something.
You feel sick.
There is a stone staircase leading down here.
You feel sick.
You see here a +0 dagger.
You feel your anger nearly subside.
You are no longer berserk.
You are exhausted.
You feel yourself slow down.
* * * LOW HITPOINT WARNING * * *
You feel sick.
* * * LOW HITPOINT WARNING * * *
You feel sick.
You closely miss the scorpion.
The scorpion is lightly wounded.
* * * LOW HITPOINT WARNING * * *
You feel sick.
The scorpion stings you but does no damage.
The scorpion stings you.
You die...

#....§§§§§≈≈≈≈≈≈# #
##.....§§§§§§≈≈≈≈# ########
#......§§§§§§§§≈≈# .......#
#...##..≈≈§§§≈≈≈≈# ######.##
#.#.<#...≈§§≈≈§≈≈# ........#
#.#.......§§.≈≈.≈# ###..#..##
#.######.......≈≈#
##.#.#...######.####..........≈#
#.###..#.).)†>)s@....###########
.## ##...#########.###
#.###....# #.# ##.#.#.#.# ####.#
##......# #....# #..#.#.#
#.###### #..#.#.######.####.##
###..#.#............#.#
.....#.########.####.##


You could see a scorpion.

Vanquished Creatures
  4 endoplasms (D:1)
  A giant cockroach (D:1)
  A goblin (D:1)
  4 hobgoblins (D:1)
  A quokka (D:1)
  5 ball pythons (D:1)
  2 bats (D:1)
  6 kobolds (D:1)
  A rat (D:1)
25 creatures vanquished.

Notes
Turn   | Place    | Note
-------+----------+-------------------------------------------
     0 | D:1      | Stirner the Minotaur Berserker began the quest for the Orb.
     0 | D:1      | Reached XP level 1. HP: 19/19 MP: 0/0
   131 | D:1      | Found a burning altar of Makhleb.
   351 | D:1      | Reached skill level 4 in Axes
   351 | D:1      | Reached XP level 2. HP: 20/27 MP: 1/1
   824 | D:1      | Found a faded altar of an unknown god.
  1010 | D:2      | Noticed a scorpion
  1014 | D:1      | Reached ** piety under Trog
  1032 | D:1      | HP: 1/27 [poisoned by a scorpion]
  1032 | D:1      | Slain by a scorpion

Illustrated notes

Levels and vault maps discovered:
D:1:      dpeg_arrival_lava_altar, layout_loops_ring,
          dilly_ecumenical_altar_fadedgnrine
D:2:      layout_basic, basic_altar, uniq_robin, uniq_natasha

Skill      XL: |  1 |
---------------+----+-----
Axes           | 4 |  4.8
Fighting       | |  3.8
Armour         | |  2.5
Dodging        | |  2.2

Action                     || total
---------------------------++-------
  Melee: Hand axe          ||    62
         Headbutt          ||     6
         Punch             ||     2
 Invoke: Berserk           ||     1
 Armour: Chain mail        ||    28
  Dodge: Dodged            ||    27
